 Dungeon Crawl Stone Soup version 0.26-a0-366-gd6aadd2 (webtiles) character file.

Game seed: 12103965962292782113

1458 Atlas the Chiller (level 8, 0/50 HPs)
             Began as an Octopode Ice Elementalist on July 19, 2020.
             Slain by an ufetubus (5 damage)
             ... on level 5 of the Dungeon.
             The game lasted 00:07:08 (7237 turns).

Atlas the Chiller (Octopode Ice Elementalist)       Turns: 7237, Time: 00:07:08

Health: 0/50       AC:  1    Str:  7    XL:     8   Next: 76%
Magic:  12/15      EV: 14    Int: 20    God:
Gold:   338        SH:  0    Dex: 18    Spells: 6/17 levels left

rFire    . . .     SeeInvis .   t - +7 hand axe (elec)
rCold    . . .     Faith    .   (no shield)
rNeg     + . .     Spirit   .   (helmet restricted)
rPois    .         Reflect  .   (no amulet)
rElec    .         Harm     .   d - ring of positive energy
rCorr    .                      i - +6 ring of dexterity
MR       .....                  (no ring)
Stlth    +++++.....             (no ring)
HPRegen  0.16/turn              (no ring)
MPRegen  0.14/turn              (no ring)
                                (no ring)
                                (no ring)

@: frozen ramparts
A: almost no armour, stealthy swim, amphibious, 8 rings, constrict 8, camouflage
1, gelatinous body 1
a: no special abilities


You were on level 5 of the Dungeon.
You visited 1 branch of the dungeon, and saw 6 of its levels.

You collected 338 gold pieces.

Inventory:

Hand Weapons
 c - a +2 short sword of venom
 t - a +7 hand axe of electrocution (weapon)
Jewellery
 d - a ring of positive energy (left tentacle)
 i - a +6 ring of dexterity (right tentacle)
 v - a +6 ring of dexterity
Scrolls
 a - 4 scrolls of identify {unknown}
 e - 2 scrolls of random uselessness {unknown}
 f - a scroll of immolation {unknown}
 g - a scroll of blinking {unknown}
 h - 2 scrolls of enchant armour {unknown}
 n - a scroll of noise {unknown}
 p - a scroll of magic mapping {unknown}
 s - a scroll of teleportation {unknown}
 u - a scroll of remove curse {unknown}
Potions
 b - 2 potions of degeneration {unknown}
 j - 2 potions of flight {unknown}
 k - 2 potions of curing {unknown}
 l - a potion of resistance {unknown}
 m - a potion of lignification {unknown}
 o - a potion of brilliance {unknown}
 q - a potion of might {unknown}
 r - a potion of heal wounds {unknown}


   Skills:
 + Level 2.1 Fighting
 + Level 3.1 Short Blades
 + Level 1.0 Axes
 + Level 2.7 Dodging
 + Level 6.7 Stealth
 + Level 0.8 Unarmed Combat
 + Level 5.2 Spellcasting
 + Level 7.3 Ice Magic


You had 6 spell levels left.
You knew the following spells:

 Your Spells              Type           Power        Failure   Level
a - Freeze                Ice            ####         1%          1
b - Frozen Ramparts       Ice            ####..       1%          3
c - Ozocubu's Armour      Ice            ####....     1%          3
d - Summon Ice Beast      Ice/Summ       ###.....     24%         4

Your spell library contained the following spells:

 Spells                   Type           Power        Failure   Level
 Hailstorm                Conj/Ice       ###.....     24%         4


Dungeon Overview and Level Annotations

Branches:
Dungeon (6/15)
 Temple: D:4-7

Altars:
Dithmenos
Elyvilon
Fedhas
Kikubaaqudgha
Trog
Zin

Shops:
D:6 [


Innate Abilities, Weirdness & Mutations

You cannot wear most types of armour.
You are very stealthy in the water. (Stealth+)
You are amphibious.
You can wear up to eight rings at the same time.
You can use your tentacles to constrict eight enemies at once.
Your skin changes colour to match your surroundings (Stealth+).
Your rubbery body absorbs attacks. (AC +1, EV +1)


Message History

* * * LOW HITPOINT WARNING * * *
The phantom blinks!
The ufetubus closely misses you. The ufetubus misses you.
The centaur shoots an arrow.
The arrow hits you.
* * * LOW HITPOINT WARNING * * *
You climb upwards.
There is a stone staircase leading down, spattered with blood here.
Unknown command.
Casting: Freeze (safe; 1% risk of failure)
Confirm with . or Enter, or press ? or * to list all spells.
You don't know that spell.
Casting: Freeze (safe; 1% risk of failure)
Confirm with . or Enter, or press ? or * to list all spells.
The walls around you are covered in ice.
The ufetubus resists.
The wall freezes the ufetubus.
The ufetubus barely misses you. The ufetubus hits you.
* * * LOW HITPOINT WARNING * * *
The ufetubus resists.
The wall freezes the ufetubus.
The ufetubus hits you.
* * * LOW HITPOINT WARNING * * *
The ufetubus hits you.
You die...

###...#####.###.# #..###.##
#............##.###..#....[
#.#.#######..#.#.##.(#.###.
#.#.# #####...###.#....##..
#.#.# #......## ##.[...P...
#.#.# #.##....###.....###..
#.#.###.##.#...#......#.#..
#.#.....##5รท..#.#.....#....
#.########@...........#....
#.#######....##.......#._..
#..[.........#######..#....
#########...## #..#....
##.#########..#.#..
#.#..).......###..
#.#.####......P... #.#.#
#.<........ #.#.#
######.####


You could see an ufetubus.

Vanquished Creatures
  Edmund (D:5)
  A sky beast (D:5)
  2 ogres (D:4)
  Blork the orc (D:5)
  2 scorpions
  A water moccasin skeleton (D:6)
  2 howler monkeys
  A hound (D:4)
  3 orc priests (D:4)
  2 bullfrog skeletons
  A gnoll shaman (D:4)
  8 orc wizards
  2 worker ants (D:5)
  8 gnolls
  10 adders
  3 white imps
  An adder zombie (D:5)
  2 oozes (D:4)
  4 worms
  A dart slug (D:1)
  2 leopard geckos (D:4)
  20 orcs
  3 ball pythons
  6 bats
  3 giant cockroaches
  16 goblins
  13 hobgoblins
  14 jackals
  A quokka (D:3)
  6 frilled lizards
  3 kobolds
  A leopard gecko skeleton (D:4)
  8 rats
152 creatures vanquished.

Notes
Turn   | Place    | Note
-------+----------+-------------------------------------------
     0 | D:1      | Atlas the Octopode Ice Elementalist began the quest for the
                  | Orb.
     0 | D:1      | Reached XP level 1. HP: 11/11 MP: 3/3
   480 | D:1      | Reached XP level 2. HP: 14/17 MP: 1/5
  1368 | D:2      | Reached XP level 3. HP: 21/21 MP: 6/6
  1373 | D:2      | Learned a level 3 spell: Frozen Ramparts
  1862 | D:2      | Reached XP level 4. HP: 27/27 MP: 4/7
  1896 | D:2      | Reached skill level 5 in Ice Magic
  1936 | D:2      | Found a faded altar of an unknown god.
  1965 | D:2      | Found a white marble altar of Elyvilon.
  2213 | D:2      | Found a shadowy altar of Dithmenos.
  2213 | D:2      | Found a blossoming altar of Fedhas.
  2218 | D:2      | Found a faded altar of an unknown god.
  2220 | D:2      | Found a glowing silver altar of Zin.
  2222 | D:2      | Found a white marble altar of Elyvilon.
  3028 | D:3      | Reached XP level 5. HP: 30/31 MP: 5/9
  3691 | D:4      | Reached skill level 1 in Short Blades
  4190 | D:4      | Reached XP level 6. HP: 33/37 MP: 10/10
  4195 | D:4      | Learned a level 3 spell: Ozocubu's Armour
  4200 | D:4      | Learned a level 4 spell: Summon Ice Beast
  4325 | D:4      | Reached skill level 6 in Ice Magic
  4671 | D:4      | Reached skill level 1 in Fighting
  4671 | D:4      | Reached XP level 7. HP: 43/43 MP: 6/12
  5343 | D:4      | Found a bloodstained altar of Trog.
  5460 | D:4      | Reached skill level 5 in Stealth
  5684 | D:4      | Reached XP level 8. HP: 41/48 MP: 11/14
  5779 | D:5      | Entered Level 5 of the Dungeon
  5971 | D:5      | Found a shadowy altar of Dithmenos.
  6070 | D:5      | Noticed Blork the orc
  6078 | D:5      | Killed Blork the orc
  6078 | D:5      | Reached skill level 7 in Ice Magic
  6269 | D:5      | Found an ancient bone altar of Kikubaaqudgha.
  6364 | D:5      | Reached skill level 5 in Spellcasting
  6762 | D:6      | Found Yqaosudy's Antique Armour Boutique.
  6762 | D:6      | Noticed Edmund
  6776 | D:5      | Killed Edmund
  6776 | D:5      | Reached skill level 1 in Axes
  7237 | D:5      | Slain by an ufetubus

Illustrated notes

Levels and vault maps discovered:
D:1:      minmay_arrival_semitransparent, layout_basic
D:2:      cheibrodos_greedy_goblins, layout_basic,
          chequers_temple_overflow_minitemple, chequers_ecumenical_altar_twisty,
          elyvilon_altar_5
D:3:      layout_loops_ring, st_stairs_1, minmay_door_square,
          grunt_decor_one_mirror
D:4:      minmay_opposing_rooms, layout_basic, bloody_trog
D:5:      layout_loops_ring, kiku_gazebo_garden_becter, basic_altar,
          uniq_blork_the_orc
D:6:      layout_basic, tgw_xom, minmay_temple_entry_arrows, serial_shops, shop,
          uniq_eustachio, uniq_edmund, uniq_pikel

Skill      XL: |  1  2  3  4  5  6  7  8 |
---------------+-------------------------+-----
Ice Magic      | 5 6 7 |  7.3
Stealth        | 3 4 5 6 |  6.7
Spellcasting   | 3 4 5 |  5.2
Short Blades   | 1 2 3 |  3.1
Fighting       | 1 2 |  2.1
Axes           | 1 |  1.0
Dodging        | |  2.7
Unarmed Combat | |  0.8

Action                   |  1- 3 |  4- 6 |  7- 9 || total
-------------------------+-------+-------+-------++-------
Melee: Unarmed           |     4 |       |       ||     4
       Constrict         |     4 |    16 |    16 ||    36
       Short sword       |    11 |    56 |    40 ||   107
       Tentacles         |     1 |     5 |    14 ||    20
       Hand axe          |       |       |    23 ||    23
 Cast: Freeze            |    33 |    26 |    10 ||    69
       Frozen Ramparts   |     1 |    10 |    12 ||    23
 Stab: Sleeping          |     3 |     7 |     6 ||    16
       Distracted        |       |     1 |     3 ||     4
Armor: Skin              |     3 |     5 |     2 ||    10
Dodge: Dodged            |    17 |    47 |    55 ||   119

Table legend: (Time is in decaauts)
 A = Elapsed time spent in this place.
 B = Non-inter-level travel time spent in this place.
 C = Inter-level travel time spent in this place.
 D = Time resting spent in this place.
 E = Time spent auto-exploring this place.
 F = Levels seen in this place.
 G = Mean time per level.
                   A        B        C        D        E       F      G
               +--------+--------+--------+--------+--------+-----+--------+
         Total |   7251 |   7094 |    157 |   1948 |   4212 |   6 | 1208.5 |
       Dungeon |   7251 |   7094 |    157 |   1948 |   4212 |   6 | 1208.5 |
               +--------+--------+--------+--------+--------+-----+--------+
